 Dungeon Crawl Stone Soup version 0.18.1-8-gdd0e5ea (webtiles) character file.

44 mopl the Gusty (level 3, -4/24 HPs)
             Began as a Demonspawn Air Elementalist on May 23, 2016.
             Hit by a stone thrown by a gnoll (5 damage)
             ... on level 2 of the Dungeon.
             The game lasted 00:02:18 (767 turns).

mopl the Gusty (Demonspawn Air Elementalist)         Turns: 767, Time: 00:02:20

Health: -4/24      AC:  2    Str:  8    XL:     3   Next: 41%
Magic:  1/6        EV:  7    Int: 17    God:
Gold:   30         SH:  0    Dex: 13    Spells: 3 memorised, 1 level left

rFire  . . .     SeeInvis .     j - +1 short sword (drain)
rCold  . . .     Gourm    .     a - +0 robe
rNeg   . . .     Faith    .     (no shield)
rPois  .         Spirit   .     (no helmet)
rElec  .         Dismiss  .     (no cloak)
rCorr  .         Reflect  .     (no gloves)
SustAt .         Harm     .     (no boots)
MR     .....                    (no amulet)
Stlth  ++........               (no ring)
                                (no ring)

@: not resistant to hostile enchantments, unstealthy
A: powered by death 1
a: no special abilities


You were on level 2 of the Dungeon.
You were not hungry.

You visited 1 branch of the dungeon, and saw 2 of its levels.

You collected 30 gold pieces.

Inventory:

Hand Weapons
 e - a +0 whip
 j - a +1 short sword of draining (weapon)
Missiles
 h - 2 javelins (quivered)
Armour
 a - a +0 robe (worn)
Scrolls
 d - 3 scrolls of identify {unknown}
 i - 2 scrolls of teleportation {unknown}
 k - 3 scrolls of noise {unknown}
Potions
 f - a potion of might {unknown}
Books
 b - a book of Air

   Spells                             Type                      Level
   a - Shock                          Conjuration/Air              1
   b - Swiftness                      Charms/Air                   2
   c - Repel Missiles                 Charms/Air                   2
   d - Static Discharge               Conjuration/Air              3
   e - Lightning Bolt                 Conjuration/Air              5
Comestibles
 c - a bread ration
 g - 3 chunks of flesh
 l - a slice of pizza


   Skills:
 - Level 1.7 Dodging
 - Level 1.7 Stealth
 + Level 2.5 Spellcasting
 + Level 1.9 Conjurations
 * Level 3.3 Air Magic


You had one spell level left.
You knew the following spells:

 Your Spells              Type           Power        Failure   Level  Hunger
a - Shock                 Conj/Air       ##..         10%         1    #......
b - Static Discharge      Conj/Air       ##......     21%         3    ###....
i - Repel Missiles        Chrm/Air       #.....       17%         2    ##.....


Dungeon Overview and Level Annotations

Branches:
Dungeon (2/15)

Altars:
Ashenzari

Annotations:
D:2 Jessica


Innate Abilities, Weirdness & Mutations

You regenerate a little health from kills.


Message History

The zap misses the gnoll.
The gnoll throws a stone.
The stone closely misses you.
Unknown command.
Casting: Shock
Confirm with . or Enter, or press ? or * to list all spells.
You don't have enough magic to cast that spell.
Unknown command.
The gnoll throws a stone.
The stone closely misses you.
The gnoll throws a stone.
The stone closely misses you.
The gnoll throws a stone.
The stone barely misses you.
The gnoll throws a stone.
The stone closely misses you.
The gnoll throws a stone.
The stone closely misses you.
The gnoll throws a stone.
The stone hits you.
The gnoll throws a stone.
The stone hits you.
* * * LOW HITPOINT WARNING * * *
The gnoll throws a stone.
The stone misses you.
The gnoll throws a stone.
The stone hits you.
* * * LOW HITPOINT WARNING * * *
The gnoll throws a stone.
The stone hits you.
You die...

♣ ♣♣.♣....P..♣ P..♣........P
♣.♣.P8..#.P.. ♣♣.♣.♣.......♣
.♣..P..#...#P♣
♣.♣♣.........P
#.P♣♣P♣.(_..PP
...########P♣♣g........♣ #.
.......@......†.♣#...#.♣ #.
....####...P.♣P♣.....gP(
#... .# #.#..P♣P....#..P♣
... .###.#.♣P♣♣♣......♣§
####.###.#.....♣♣♣♣..♣...P♣♣
#.............♣♣..P....P♣..
#.......####..♣♣♣P....♣♣.PP.
#.......#..).......P♣♣....
#.....<...###..PP♣♣♣♣..P♣.♣


You could see a gnoll.

Vanquished Creatures
  A gnoll (D:2)
  An ooze (D:1)
  A giant gecko (D:1)
  A ball python (D:1)
  5 bats
  3 giant cockroaches
  3 goblins (D:1)
  3 kobolds (D:1)
  3 quokkas (D:2)
  A giant newt (D:1)
  4 rats (D:1)
26 creatures vanquished.

Notes
Turn   | Place    | Note
--------------------------------------------------------------
     0 | D:1      | mopl the Demonspawn Air Elementalist began the quest for the Orb.
     0 | D:1      | Reached XP level 1. HP: 13/13 MP: 3/3
   214 | D:1      | Reached skill level 3 in Air Magic
   214 | D:1      | Gained mutation: You regenerate a little health from kills. [demonic ancestry]
   214 | D:1      | Reached XP level 2. HP: 18/19 MP: 1/5
   218 | D:1      | Learned a level 2 spell: Repel Missiles
   571 | D:2      | Reached XP level 3. HP: 18/24 MP: 6/6
   586 | D:2      | Learned a level 3 spell: Static Discharge
   613 | D:2      | Found a shattered altar of Ashenzari.
   710 | D:2      | Noticed Jessica
   766 | D:2      | HP: 1/24 [gnoll/stone (5)]
   767 | D:2      | Hit by a stone thrown by a gnoll

Skill      XL: |  1 |
---------------+----+-----
Air Magic      | 3 |  3.3
Dodging        | |  1.7
Stealth        | |  1.7
Spellcasting   | |  2.5
Conjurations   | |  1.9

Action                   || total
-------------------------++-------
Melee: Whip              ||     6
       Short sword       ||    44
 Cast: Shock             ||    22
       Repel Missiles    ||     2
       Static Discharge  ||     1
Armor: Robe              ||    10
Dodge: Dodged            ||    50
       Deflected         ||     2
